 Dungeon Crawl Stone Soup version 0.23.0 (webtiles) character file.

Game seed: 11129851187064248204

35 MalarOregon the Poker (level 3, 0/27 HPs)
             Began as a Merfolk Skald on Feb 16, 2019.
             Succumbed to an adder's poison
             ... on level 2 of the Dungeon.
             The game lasted 00:02:09 (901 turns).

MalarOregon the Poker (Merfolk Skald)                Turns: 901, Time: 00:02:10

Health: 0/27       AC:  3    Str: 11    XL:     3   Next: 35%
Magic:  6/6        EV: 12    Int: 13    God:
Gold:   87         SH:  0    Dex: 16    Spells: 5/6 levels left

rFire    . . .     SeeInvis .   a - +0 spear
rCold    . . .     Gourm    .   (no shield)
rNeg     . . .     Faith    .   b - +0 leather armour
rPois    .         Spirit   .   (no helmet)
rElec    .         Reflect  .   (no cloak)
rCorr    .         Harm     .   (no gloves)
MR       .....                  (no boots)
Stlth    +.........             (no amulet)
HPRegen  0.09/turn              j - +3 ring of dexterity
MPRegen  0.10/turn              (no ring)

@: lethally poisoned (0 -> -3), very slightly contaminated, hasted, very quick
A: change form in water, swift swim, stealthy swim
a: no special abilities


You were on level 2 of the Dungeon.
You were not hungry.

You visited 1 branch of the dungeon, and saw 2 of its levels.

You collected 87 gold pieces.

Inventory:

Hand Weapons
 a - a +0 spear (weapon)
Armour
 b - a +0 leather armour (worn)
Jewellery
 j - a +3 ring of dexterity (left hand)
   (You found it on level 2 of the Dungeon)
Potions
 d - a potion of cancellation
Comestibles
 c - a chunk of flesh
 e - a ration {!d}


   Skills:
 - Level 2.1 Fighting
 + Level 5.4 Polearms
 - Level 0.6 Armour
 - Level 2.6 Dodging
 - Level 2.0 Spellcasting
 - Level 3.2 Charms


You had 5 spell levels left.
You knew the following spells:

 Your Spells              Type           Power        Failure   Level  Hunger
a - Infusion              Chrm           #...         9%          1    ##.....

Your spell library contained the following spells:

 Spells                   Type           Power        Failure   Level  Hunger
 Song of Slaying          Chrm           #.......     13%         2    ###....
 Shroud of Golubria       Chrm/Tloc      #.........   26%         2    ###....
 Regeneration             Chrm/Necr      #.........   45%         3    ####...
 Spectral Weapon          Hex/Chrm       #.......     45%         3    ####...


Dungeon Overview and Level Annotations

Branches:
Dungeon (2/15)

Altars:


Message History

Okay, then.
Okay, then.
Blink to where?
You are very lightly contaminated with residual magic.
As you read the scroll labeled DOJOXA DIAVVEZ, it crumbles to dust.
It was a scroll of blinking.
A hobgoblin comes into view. It is wielding a +0 club.
* * * LOW HITPOINT WARNING * * *
You feel sick.
The hobgoblin shouts!
Okay, then.
As you read the scroll labeled OVOMAH VEVIH, it crumbles to dust.
You feel strangely unstable.
It was a scroll of teleportation.
* * * LOW HITPOINT WARNING * * *
You feel sick.
An adder comes into view.
* * * LOW HITPOINT WARNING * * *
You feel sick.
Unknown command.
Your surroundings suddenly seem different.
* * * LOW HITPOINT WARNING * * *
You feel sick.
Found an amethyst potion.
Unknown command.
* * * LOW HITPOINT WARNING * * *
You feel sick.
Some of the chunks of flesh in your inventory have rotted away.
* * * LOW HITPOINT WARNING * * *
You feel sick.
Found a stone staircase leading down.
You see here an amethyst potion.
f - an amethyst potion It was a potion of haste.
You feel yourself speed up.
* * * LOW HITPOINT WARNING * * *
You feel sick.
Found 7 gold pieces.
As you read the scroll labeled QUKUSE ZIUCO, it crumbles to dust.
You feel aware of your surroundings.
You sensed 1 altar.
It was a scroll of magic mapping.
As you read the scroll labeled PAGGILL QANLYPS, it crumbles to dust.
You assume a fearsome visage.
Nothing appears to happen.
It was a scroll of fear.
* * * LOW HITPOINT WARNING * * *
You feel sick.
Found a thin smoking staff.
There is a lethal amount of poison in your body!
Unknown command.
A bat comes into view.
You closely miss the bat.
You die...

****,,,,**,,*,**,#.#,.#,..,,,*,,,
*,,,,**,,*,*#.#.#,.#,,,*,,,,,,
*,,,,***,*,*#.#.#..*,,,*,,,,,,
***,,,,**,..,*#.#.#.,*,,,,,*****
*,,,,,,**,#.#*#.#..,,*,,,,,,,,,,
*,,,,,,**,*b.*#.#.#,*,,,,,,,,,*,
*,,,,,,**,##|##.#.#,,,,,,,,,,,*,
*********,>...#.#.#***,##******,
****#.#@#.####...,,,,,*,
#.b.#.......#**,*,*,
#...#........,,,*,,,
#...#..##....,*,***,
#.......#,#..,,,,,,,
#.#.#...#,*,#**,***, ********
#.#.....#,*,***,***, *,,,,,,*
#.##..###,*,,,,,,,,,
*,****,**#.*#.>.,*,,,***,***,


You could see a bat.

Vanquished Creatures
  An adder (D:2)
  2 giant cockroaches (D:1)
  7 goblins (D:1)
  3 hobgoblins (D:1)
  5 bats (D:1)
  4 frilled lizards (D:1)
  2 kobolds (D:1)
  3 rats
27 creatures vanquished.

Notes
Turn   | Place    | Note
-------+----------+-------------------------------------------
     0 | D:1      | MalarOregon the Merfolk Skald began the quest for the Orb.
     0 | D:1      | Reached XP level 1. HP: 16/16 MP: 3/3
   101 | D:1      | Reached skill level 4 in Polearms
   101 | D:1      | Reached XP level 2. HP: 19/22 MP: 5/5
   195 | D:1      | HP: 1/22 [hobgoblin/+0 club (2)]
   662 | D:1      | Reached skill level 5 in Polearms
   662 | D:1      | Reached XP level 3. HP: 27/27 MP: 6/6
   896 | D:2      | HP: 1/27 [poisoned by an adder]
   901 | D:2      | Succumbed to an adder's poison

Skill      XL: |  1  2 |
---------------+-------+-----
Polearms       | 4 5 |  5.4
Fighting       | |  2.1
Armour         | |  0.6
Dodging        | |  2.6
Spellcasting   | |  2.0
Charms         | |  3.2

Action                   || total
-------------------------++-------
Melee: Spear             ||   104
  Use: Scroll            ||     4
       Potion            ||     2
Armor: Leather armour    ||    26
Dodge: Dodged            ||    66
